 Dungeon Crawl Stone Soup version 0.29-a0-1052-g6990b1bffc (webtiles) character file.

Game seed: 9520002869072329903

462146 hito the Slayer (level 23, 0/224 (226) HPs)
             Began as a Grey Draconian Venom Mage on Aug 14, 2022.
             Was the Champion of Qazlal.
             Slain by a fire giant
             ... wielding a +2 great sword of flaming
              (19 damage)
             ... on level 5 of the Vaults on Aug 17, 2022.
             The game lasted 04:38:26 (70498 turns).

hito the Slayer (Grey Draconian Venom Mage)        Turns: 70498, Time: 04:38:27

HP:   0/224 (226)   AC: 21    Str: 15    XL:     23   Next: 38%
MP:   11/40         EV: 20    Int: 32    God:    Qazlal [******]
Gold: 5760          SH: 15    Dex: 15    Spells: 7/48 levels left

rFire   + . .      SeeInvis +   b - staff of earth
rCold   + . .      Faith    .   H - +1 buckler {reflect}
rNeg    . . .      Spirit   .   (body armour unavailable)
rPois   +          Reflect  +   (helmet restricted)
rElec   +          Harm     .   B - +1 cloak of Starlight {*Dazzle EV+4 Stlth--}
rCorr   +          Rampage  .   p - +0 pair of gloves "Ginut" {Contam Will+ Int+8 Dex-4}
Will    +++..                   M - +1 pair of boots
Stlth   ..........              R - amulet of magic regeneration
HPRegen 0.47/turn               w - ring "Kutirchil" {rElec rF+ rCorr Dex+6}
MPRegen 0.67/turn               S - ring of Poeshuub {rPois Will+ Str+3 SInv}

@: protected from cold, slightly contaminated, hasted, constricted, studying
Long Blades, lightly drained, repel missiles, very quick
A: AC +16, amphibious, unfitting armour, cold-blooded, subdued magic 1
}: 2/15 runes: decaying, serpentine
a: Renounce Religion, Upheaval, Elemental Force, Disaster Area


You were on level 5 of the Vaults.
You worshipped Qazlal.
Qazlal was exalted by your worship.
You visited 10 branches of the dungeon, and saw 45 of its levels.
You also visited: Ice Cave and Volcano.

You collected 7596 gold pieces.
You spent 1836 gold pieces at shops.

Inventory:

Hand Weapons
 a - the +9 sling of Yloz {vorpal, rPois rCorr}
   (You found it on level 2 of the Lair of Beasts)

   Any ammunition fired from it inflicts extra damage upon your enemies.
   rPois:     It protects you from poison.
   rCorr:     It protects you from acid and corrosion.
 l - the +6 dagger "Pupycw" {vorpal, rF+ rC+}
   (You found it on level 2 of the Dungeon)

   It inflicts extra damage upon your enemies.
   rF:        It protects you from fire.
   rC:        It protects you from cold.
Missiles
 c - 12 javelins
Armour
 p - the +0 pair of gloves "Ginut" (worn) {Contam Will+ Int+8 Dex-4}
   (You acquired it on level 2 of the Swamp)

   Int:       It affects your intelligence (+8).
   Dex:       It affects your dexterity (-4).
   Contam:    It causes magical contamination when unequipped.
   Will:      It increases your willpower.
 r - a scarf of resistance
 B - the +1 cloak of Starlight (worn) {*Dazzle EV+4 Stlth--}
   (You acquired it on level 2 of the Swamp)

   It may blind those who miss an attack against the wearer in melee combat.
   EV:        It affects your evasion (+4).
   Stlth:     It makes you much less stealthy.
 H - a +1 buckler of reflection (worn)
 M - a +1 pair of boots (worn)
 T - a +0 kite shield of positive energy
Magical Staves
 b - a staff of earth (weapon)
Jewellery
 f - a ring of flight
 w - the ring "Kutirchil" (left hand) {rElec rF+ rCorr Dex+6}
   (You found it in an ice cave)

   [ring of dexterity]

   Dex:       It affects your dexterity (+6).
   rF:        It protects you from fire.
   rElec:     It insulates you from electricity.
   rCorr:     It protects you from acid and corrosion.
 x - a ring of magical power
 R - an amulet of magic regeneration (around neck)
 S - the ring of Poeshuub (right hand) {rPois Will+ Str+3 SInv}
   (You found it on level 14 of the Dungeon)

   [ring of willpower]

   Str:       It affects your strength (+3).
   rPois:     It protects you from poison.
   SInv:      It lets you see invisible.
   Will:      It increases your willpower.
 Z - the amulet "Baasam" {Reflect rCorr SH+5}
   (You took it off a naga on level 4 of the Snake Pit)

   [amulet of reflection]

   It reflects blocked missile attacks.
   rCorr:     It protects you from acid and corrosion.
   SH:        It affects your SH (+5).
Wands
 j - a wand of roots (52)
 o - a wand of mindburst (43)
 G - a wand of polymorph (14)
 K - a wand of charming (28)
 L - a wand of flame (50)
 O - a wand of quicksilver (24)
 P - a wand of digging (19)
Scrolls
 h - 25 scrolls of teleportation
 k - 6 scrolls of blinking
 q - 6 scrolls of poison
 y - 5 scrolls of fear
 A - 6 scrolls of amnesia
 C - 6 scrolls of enchant weapon
 E - 2 scrolls of summoning
 J - 9 scrolls of immolation
 V - 4 scrolls of fog
 W - 6 scrolls of magic mapping
 X - a scroll of silence
Potions
 d - 16 potions of curing
 e - 11 potions of lignification
 g - 13 potions of mutation
 i - 7 potions of magic
 m - 9 potions of berserk rage
 n - 5 potions of might
 s - 3 potions of invisibility
 t - 7 potions of haste
 u - 6 potions of attraction
 v - 5 potions of resistance
 z - 18 potions of heal wounds
 F - 9 potions of brilliance
 I - 5 potions of cancellation
 N - 2 potions of flight
 U - 2 potions of ambrosia
Miscellaneous
 D - a lightning rod (1/4)
 Q - a condenser vane (inert)


   Skills:
 - Level 23.0 Fighting
 - Level 12.0 Staves
 + Level 13.3 Dodging
 - Level 1.7 Stealth
 - Level 8.0 Shields
 - Level 13.0 Spellcasting
 - Level 18.0 Conjurations
 - Level 1.0 Transmutations
 - Level 5.0 Fire Magic
 - Level 8.0 Ice Magic
 - Level 4.0 Air Magic
 - Level 22.0 Earth Magic
 - Level 6.0 Poison Magic
 - Level 12.0 Invocations
 - Level 14.0 Evocations


You had 7 spell levels left.
You knew the following spells:

 Your Spells              Type           Power      Damage    Failure   Level
a - Lee's Rapid Deconstr  Erth           56%        3d27*     0%          5
b - Mephitic Cloud        Conj/Pois/Air  58%        N/A       1%          3
c - Flame Wave            Conj/Fire      64%        2d15      1%          4
d - Freezing Cloud        Conj/Ice/Air   30%        6-21      1%          5
e - Ignite Poison         Fire/Tmut/Pois 35%        N/A       1%          3
f - Stone Arrow           Conj/Erth      100%       3d13      0%          3
g - Lehudib's Crystal Sp  Conj/Erth      53%        10d13     3%          8
h - Irradiate             Conj/Tmut      29%        3d21      1%          5
i - Borgnjor's Vile Clut  Necr/Erth      40%        N/A       1%          5

Your spell library contained the following spells:

 Spells                   Type           Power      Damage    Failure   Level
 Foxfire                  Conj/Fire      100%       2x1d9     0%          1
 Magic Dart               Conj           100%       1d8       0%          1
 Searing Ray              Conj           100%       2d8       0%          2
 Apportation              Tloc           32%        N/A       1%          1
 Necrotise                Necr           64%        1d7       1%          1
 Sting                    Tmut/Pois      100%       1d8       1%          1
 Summon Small Mammal      Summ           64%        N/A       1%          1
 Ensorcelled Hibernation  Hex/Ice        70%        N/A       1%          2
 Poisonous Vapours        Pois/Air       80%        N/A       1%          2
 Scorch                   Fire           80%        2d9       1%          2
 Conjure Flame            Conj/Fire      64%        6-21      1%          3
 Frozen Ramparts          Ice            100%       1d16      1%          3
 Spider Form              Tmut/Pois      33%        N/A       1%          3
 Fulminant Prism          Conj/Hex       28%        3d14      1%          4
 Leda's Liquefaction      Hex/Erth       40%        N/A       1%          4
 Olgreb's Toxic Radiance  Pois           45%        N/A       1%          4
 Sticky Flame             Conj/Fire      64%        2d8       1%          4
 Orb of Destruction       Conj           40%        9d11      1%          7
 Inner Flame              Hex/Fire       28%        N/A       2%          3
 Statue Form              Tmut/Erth      55%        N/A       2%          6
 Blink                    Tloc           32%        N/A       3%          2
 Ice Form                 Ice/Tmut       38%        N/A       3%          4
 Summon Ice Beast         Ice/Summ       35%        N/A       4%          4
 Call Canine Familiar     Summ           16%        N/A       7%          3
 Gell's Gravitas          Tloc           16%        N/A       7%          3
 Summon Guardian Golem    Hex/Summ       16%        N/A       7%          3
 Teleport Other           Tloc           16%        N/A       7%          3
 Vampiric Draining        Necr           16%        2d7       7%          3
 Alistair's Intoxication  Tmut/Pois      22%        N/A       16%         5
 Anguish                  Hex/Necr       8%         N/A       22%         4
 Cause Fear               Hex            8%         N/A       22%         4
 Blade Hands              Tmut           10%        N/A       41%         5
 Spellforged Servitor     Conj/Summ      28%        N/A       45%         7
 Agony                    Necr           16%        N/A       54%         5
 Manifold Assault         Tloc           16%        N/A       54%         5
 Eringya's Noxious Bog    Tmut/Pois      16%        N/A       65%         6
 Dispersal                Tloc           8%         N/A       98%         6
 Summon Cactus Giant      Summ           8%         N/A       98%         6
 Dragon Form              Tmut           10%        N/A       100%        7
 Storm Form               Tmut/Air       14%        N/A       100%        7
 Disjunction              Tloc           8%         N/A       100%        8
 Dragon's Call            Summ           8%         N/A       100%        9
 Animate Armour           Summ/Erth      Unusable   N/A       N/A         4

Dungeon Overview and Level Annotations

Branches:
Dungeon (15/15)            Temple (1/1) D:6            Lair (5/5) D:11
  Swamp (4/4) Lair:3        Snake (4/4) Lair:3        Slime (4/5) Lair:4
    Orc (2/2) D:11            Elf (2/3) Orc:2        Vaults (5/5) D:14
  Crypt (0/3) Vaults:3     Depths (3/4) D:15          IceCv (visited)
Volcano (visited)

Altars:
Ashenzari
Dithmenos
Elyvilon
Fedhas
Qazlal
Wu Jian
Yredelemnul
Zin
Jiyva

Shops:
D:9 !:   D:11 *(*   Orc:2 :*(:   Elf:1 [[[[   Snake:1 *   Snake:3 =

Portals:
Hell: Depths:1 Depths:2 Depths:3
Abyss: Depths:1 Depths:3
Pandemonium: Depths:2
Ziggurat: Depths:1
Trove: D:12 (give 7 scrolls of fog)

Annotations:
D:9 exclusion: downstairs
D:12 3 runed translucent doors
Swamp:4 3 runed translucent doors, Lance11888's ghost, adept HuHu
Snake:1 exclusion: downstairs
Slime:1 exclusion: downstairs
Slime:3 exclusion: downstairs
Vaults:1 exclusion: downstairs
Depths:1 3 runed translucent doors


Innate Abilities, Weirdness & Mutations

Your dull iron-grey scales are very hard. (AC +16)
You are amphibious.
You cannot fit into any form of body armour.
You are cold-blooded and may be slowed by cold attacks.
Your spells are a little easier to cast, but a little less powerful.


Message History

The ancient lich is engulfed in freezing vapours.
The golden dragon is engulfed in freezing vapours.
The golden dragon breathes cold at you. The bolt of cold misses you.
The vault warden is engulfed in freezing vapours.
The ettin is engulfed in freezing vapours.
The tentacled monstrosity is engulfed in freezing vapours.
You block the tentacled monstrosity's attack.
The tentacled monstrosity closely misses you.
The tentacled monstrosity tentacle-slaps you but does no damage.
The tentacled monstrosity constricts you.
* * * LOW HITPOINT WARNING * * *
The fire giant gestures at you while chanting.
The bolt of fire hits you!! You resist.
* * * LOW HITPOINT WARNING * * *
You hear a sizzling sound!
The stone giant cries, "Help!"
The green very ugly thing is engulfed in freezing vapours.
You hear a shout!
You feel yourself speed up.
You hear a shout!
You block the lich's attack.
The fire giant is engulfed in blazing flames.
The ettin is engulfed in freezing vapours.
The golden dragon is engulfed in freezing vapours.
The golden dragon completely misses you.
You block the golden dragon's attack.
The golden dragon tramples you but does no damage.
The vault warden is engulfed in freezing vapours.
The deep troll earth mage gives up.
The green very ugly thing is engulfed in freezing vapours.
The tentacled monstrosity is engulfed in freezing vapours.
The tentacled monstrosity tentacle-slaps you.
* * * LOW HITPOINT WARNING * * *
The tentacled monstrosity tentacle-slaps you but does no damage.
The tentacled monstrosity barely misses you.
The tentacled monstrosity constricts you.
* * * LOW HITPOINT WARNING * * *
The fire giant hits you with a +2 great sword of flaming!!
You die...

#.#....#
#.#....# .
#.#....# §#
###°#§§§§#§§§
...§§§§p§§§§
#####§○○D§C§§##
.....§§☼C°§.§§§
.....)§@LC°§.§§
.....§°DXE§§§§.
......)§§§§§☼uC
#####.§§§§§..##
e.....CW§T.
...#....#L§.
#...#....#§§§
#...#...D# C§


You could see a shadow dragon, a tentacled monstrosity, a titan (strong), a
golden dragon (ally target), an ancient lich, a storm dragon (fleeing), a green
very ugly thing (fleeing), 2 fire giants, a stone giant (fleeing), a vault
warden, a lich (fast, invisible), 2 ettins, a deep elf high priest, a deep troll
earth mage (fleeing), a freezing wraith and a friendly water elemental
(summoned).

Vanquished Creatures
  Dissolution (Slime:3)
  A juggernaut (Depths:2)
  Sojobo (Vaults:2)
  A golden dragon (Depths:3)
  Nikola (Elf:2)
  2 walking crystal tomes (Depths:3)
  Jorgrun (D:13)
  5 tentacled monstrosities
  4 liches
  Mlioglotl (Snake:1)
  A deep elf blademaster (Elf:2)
  A titan (Vaults:3)
  2 walking divine tomes (Depths:3)
  A walking frostbound tome (Depths:3)
  10 acid blobs
  3 quicksilver dragons
  7 sphinxes
  5 tengu reavers
  3 thorn hunters (Swamp:4)
  2 shadow dragons (Depths:3)
  10 fire giants
  6 azure jellies
  A fenstrider witch (Swamp:4)
  7 frost giants
  2 iron dragons (Depths:3)
  4 rockslimes
  13 vault wardens
  2 orc warlords
  A balrug (Depths:2)
  Aizul (Snake:1)
  A ghoul (Vaults:3)
  A reaper (Depths:3)
  11 ironbound preservers
  16 stone giants
  21 very ugly things
  A spriggan defender (Depths:2)
  6 eleionomae
  4 vampire knights
  10 ironbound thunderhulks
  Azrael (Snake:1)
  A deep elf demonologist (Elf:2)
  An entropy weaver (Vaults:1)
  6 spark wasps
  The ghost of Valamore the Severer, a journeyman MiGl of Makhleb (Lair:2)
  A white draconian (IceCv)
  4 dire elephants (Vaults:1)
  3 bunyips
  7 ettins
  A deep elf death mage (Elf:1)
  5 fire dragons
  4 shambling mangroves
  5 rakshasas
  12 yaktaur captains
  36 vault guards
  7 great orbs of eyes
  An ice dragon (shapeshifter) (Depths:3)
  3 spriggan air magi
  21 hydras
  8 boulder beetles
  3 ice dragons
  Erolcha (D:13)
  4 salamander tyrants
  Fannar (D:11)
  2 catoblepae
  5 ironbound frosthearts
  6 two-headed ogres
  15 anacondas
  3 centaur warriors
  5 deep troll earth magi
  11 alligators
  15 naga warriors
  22 dancing weapons
  10 deep troll shamans (Depths:2)
  2 hell hogs (Volcano)
  13 naga sharpshooters
  12 shock serpents
  An orc high priest (D:12)
  7 spriggan berserkers
  Urug (Lair:5)
  5 hell knights
  2 soul eaters
  10 tengu warriors
  16 deep elf knights
  Sonja (Lair:5)
  Amaemon (Lair:1)
  A sixfirhy (Depths:2)
  Nergalle (D:10)
  2 sun demons
  6 salamander mystics
  4 iron trolls (Depths:1)
  5 skeletal warriors
  9 goliath frogs
  3 glowing orange brains
  9 swamp dragons
  4 flayed ghosts
  16 deep elf archers
  2 naga ritualists (Snake:1)
  3 bog bodies
  4 spriggan druids
  42 deep trolls
  22 ironbound convokers
  A lindwurm (shapeshifter) (Depths:1)
  A phantasmal warrior (Vaults:3)
  8 wizards
  3 spectral hydras (Swamp:4)
  11 lindwurms
  19 mana vipers
  6 orc knights
  A wolf spider (D:15)
  6 necromancers
  19 deep elf pyromancers
  20 deep elf zephyrmancers
  9 cyclopes
  A mana viper (shapeshifter) (D:15)
  42 ugly things
  3 orc sorcerers
  3 will-o-the-wisps
  11 elephants (Lair:5)
  3 oklob plants (Swamp:4)
  19 salamanders
  6 shining eyes
  5 manticores
  17 naga magi
  2 ice statues (IceCv)
  16 vault sentinels
  14 cane toads
  A smoke demon (Depths:3)
  28 black mambas
  8 guardian serpents
  2 orange demons
  A kobold demonologist (D:12)
  An unseen horror (Depths:1)
  3 eyes of devastation
  37 yaktaurs
  7 rime drakes
  2 ice devils (Depths:2)
  2 tengu conjurers
  3 trolls
  10 komodo dragons
  A death drake zombie (Swamp:4)
  2 hellwings (Depths:2)
  5 hydra zombies (Swamp:4)
  2 bloated husks
  2 queen bees (shapeshifter)
  23 hornets
  5 polar bears
  2 hydra skeletons (Swamp:4)
  11 tyrant leeches
  2 death drake skeletons (Swamp:4)
  6 dream sheep (Lair:5)
  114 slime creatures
  35 blink frogs
  An air elemental (Elf:1)
  2 centaur simulacra (D:15)
  2 vampires
  2 water elementals
  8 large abominations (Depths:1)
  2 shadows (D:11)
  A ynoxinul (Depths:2)
  8 fire elementals
  57 yaks
  24 spriggans
  2 wraiths
  8 wyverns
  13 basilisks
  4 hogs
  2 steam dragons
  4 golden eyes
  6 vampire mosquitoes
  Grum (D:8)
  3 chaos spawn
  3 redbacks (Vaults:1)
  19 swamp worms
  A warg (shapeshifter) (Depths:2)
  3 wargs
  23 water moccasins
  32 nagas
  7 hell hounds
  3 hydra simulacra (Swamp:4)
  A floating eye (Depths:1)
  A meliai simulacrum (D:14)
  11 black bears
  43 orc warriors
  4 ice beasts
  11 swamp drakes
  2 sky beasts
  4 ogres
  5 boggarts
  37 wolves
  A swamp dragon skeleton (Swamp:4)
  15 centaurs
  2 kobold brigands
  2 phantoms (D:6)
  11 bullfrogs
  2 necrophages
  4 small abominations (Depths:1)
  5 scorpions
  4 wights
  8 killer bees
  3 lindwurm simulacra (IceCv)
  2 electric eels (D:10)
  4 howler monkeys
  8 komodo dragon simulacra (IceCv)
  6 jellies
  20 orc priests
  5 hounds
  Jessica (D:2)
  2 iguanas (D:6)
  20 orc wizards
  5 hell rats (Lair:3)
  3 gnolls (D:7)
  4 acid dragon simulacra (IceCv)
  9 adders
  A white imp (D:8)
  3 ufetubi
  6 steam dragon simulacra (IceCv)
  2 worms
  2 dart slugs
  55 orcs
  9 ball pythons
  10 endoplasms
  A giant cockroach (D:2)
  7 goblins
  8 hobgoblins
  A jackal (D:5)
  6 quokkas
  3 bats
  2 frilled lizards
  11 kobolds
  4 rats
  15 briar patches (Swamp:4)
  A fire vortex (Depths:3)
1820 creatures vanquished.

Vanquished Creatures (collateral kills)
  Kirke (Lair:3)
  The ghost of Guh Rysug the Carver, a journeyman DsGl of Okawaru (D:15)
  A centaur warrior (D:15)
  A two-headed ogre (Volcano)
  A salamander (Volcano)
  A rime drake (Lair:1)
  A cane toad (Lair:1)
  2 yaktaurs
  A tengu conjurer (D:15)
  A wyvern (Lair:1)
  A basilisk (D:15)
  5 yaks (Lair:3)
  A hell hound (Volcano)
  A centaur (Volcano)
19 creatures vanquished.

Vanquished Creatures (others)
  An ettin (Depths:2)
  A deep elf archer (Elf:2)
  A deep elf zephyrmancer (Elf:1)
  A deep elf pyromancer (Elf:2)
  A bloated husk (Swamp:3)
  A spriggan (Swamp:4)
  A vampire (D:14)
  A vampire mosquito (Swamp:1)
  A quokka (D:5)
  4 foxfires
  50 fungi
  91 plants
154 creatures vanquished.

Grand Total: 1993 creatures vanquished

Notes
Turn   | Place    | Note
-------+----------+-------------------------------------------
     0 | D:1      | hito the Draconian Venom Mage began the quest for the Orb.
     0 | D:1      | Reached XP level 1. HP: 14/14 MP: 3/3
   329 | D:1      | Reached skill level 1 in Fighting
   517 | D:1      | Found a faded altar of an unknown god.
   529 | D:1      | Prayed at the altar of an unknown god.
   529 | D:1      | Became a worshipper of Qazlal Stormbringer
   529 | D:1      | Reached * piety under Qazlal
   582 | D:1      | Reached XP level 2. HP: 23/23 MP: 3/5
   816 | D:2      | Noticed Jessica
   823 | D:2      | Killed Jessica
   824 | D:2      | Reached skill level 2 in Fighting
   824 | D:2      | Reached XP level 3. HP: 29/29 MP: 1/6
   885 | D:2      | Learned a level 3 spell: Mephitic Cloud
   939 | D:2      | Identified the +6 dagger "Pupycw" {vorpal, rF+ rC+}
  1181 | D:2      | Identified the +1 leather armour of Ocywkuug {rC+ Str+2
                  | Int+3}
  1243 | D:2      | Reached skill level 1 in Air Magic
  1243 | D:2      | Reached XP level 4. HP: 36/36 MP: 3/7
  1720 | D:3      | Reached ** piety under Qazlal
  1802 | D:3      | Reached skill level 1 in Conjurations
  2477 | D:4      | Noticed a scorpion
  2485 | D:4      | Killed a scorpion
  2486 | D:4      | Reached XP level 5. HP: 41/41 MP: 1/9
  2743 | D:4      | Noticed a centaur
  2743 | D:4      | Noticed a centaur
  2752 | D:4      | Killed a centaur
  2753 | D:4      | Reached XP level 6. HP: 36/48 MP: 0/10
  2994 | D:4      | Found a shadowy altar of Dithmenos.
  3000 | D:4      | Found a glowing silver altar of Zin.
  3062 | D:4      | Reached skill level 5 in Poison Magic
  3339 | D:5      | Entered Level 5 of the Dungeon
  3375 | D:4      | Your scales start taking on a dull iron-grey colour.
  3375 | D:4      | Reduced skill Air Magic to level 1
  3375 | D:4      | Reached XP level 7. HP: 41/55 MP: 6/12
  3676 | D:5      | Learned a level 4 spell: Flame Wave
  3737 | D:5      | Reached skill level 1 in Fire Magic
  4051 | D:5      | Reached skill level 3 in Fighting
  4090 | D:5      | Reached XP level 8. HP: 36/63 MP: 4/14
  4360 | D:5      | Reached skill level 4 in Fighting
  4486 | D:5      | Reached *** piety under Qazlal
  4493 | D:5      | Reached skill level 5 in Conjurations
  4652 | D:5      | Found a white marble altar of Elyvilon.
  4921 | D:6      | Reached skill level 1 in Invocations
  4942 | D:6      | Reached skill level 5 in Fire Magic
  4945 | D:6      | Reached XP level 9. HP: 66/71 MP: 3/15
  5380 | D:6      | Found a staircase to the Ecumenical Temple.
  5412 | Temple   | Entered the Ecumenical Temple
  5412 | Temple   | Noticed a blizzard demon
  5412 | Temple   | Noticed an ice devil
  5412 | Temple   | Noticed a tormentor
  5412 | Temple   | Noticed a sun demon
  5413 | Temple   | Noticed Himn the pandemonium lord
  6182 | D:7      | Reached **** piety under Qazlal
  6183 | D:7      | Reached skill level 5 in Invocations
  6259 | D:7      | Found a broken altar of Ashenzari.
  6967 | D:8      | Noticed Grum
  6998 | D:8      | Killed Grum
  7296 | D:8      | Reached skill level 5 in Fighting
  7296 | D:8      | Reached XP level 10. HP: 81/81 MP: 16/16
  8217 | D:9      | Found Hoil's Distillery.
  8385 | D:9      | Bought a potion of magic for 88 gold pieces
  8385 | D:9      | Bought a potion of curing for 33 gold pieces
  8385 | D:9      | Bought a potion of curing for 33 gold pieces
  8385 | D:9      | Bought a potion of heal wounds for 55 gold pieces
  8385 | D:9      | Bought a potion of heal wounds for 55 gold pieces
  8435 | D:9      | Reached skill level 6 in Fighting
  8455 | D:9      | Found Vezest's Self-Improvement Boutique.
  8482 | D:9      | Reached skill level 1 in Evocations
  9308 | D:10     | Entered Level 10 of the Dungeon
  9312 | D:10     | Reached skill level 7 in Fighting
  9330 | D:10     | Noticed Nergalle
  9618 | D:10     | Killed Nergalle
  9619 | D:10     | Reached skill level 8 in Fighting
  9619 | D:10     | Reached skill level 5 in Spellcasting
  9619 | D:10     | Reached XP level 11. HP: 94/94 MP: 18/18
 10522 | D:11     | Found Qineaskau's Assorted Antiques.
 10583 | D:11     | Noticed Fannar
 10885 | D:10     | Reached ***** piety under Qazlal
 11054 | D:11     | Reached skill level 9 in Fighting
 11131 | D:11     | Killed Fannar
 11132 | D:11     | Reached skill level 10 in Conjurations
 11528 | D:11     | Noticed an eight-headed hydra
 11598 | D:11     | Noticed a two-headed ogre
 11606 | D:11     | Killed a two-headed ogre
 11807 | D:11     | Killed an eight-headed hydra
 11905 | D:11     | Noticed a four-headed hydra
 11912 | D:11     | Killed a four-headed hydra
 12242 | D:11     | Found a staircase to the Orcish Mines.
 12283 | D:11     | Found Cohapug's Assorted Antiques.
 12456 | D:11     | Found Itaec's Weapon Shop.
 12533 | D:11     | Found a staircase to the Lair.
 12730 | Lair:1   | Entered Level 1 of the Lair of Beasts
 12730 | Lair:1   | Noticed Amaemon
 12731 | Lair:1   | Noticed a catoblepas
 12736 | Lair:1   | Reached XP level 12. HP: 104/104 MP: 19/19
 12741 | Lair:1   | Killed Amaemon
 12742 | Lair:1   | Reached skill level 5 in Dodging
 12870 | Lair:1   | Killed a catoblepas
 12871 | Lair:1   | Reached skill level 10 in Invocations
 13015 | Lair:1   | Found a dark tunnel.
 13020 | Volcano  | Entered a volcano
 13085 | Volcano  | Noticed a hell hog
 13085 | Volcano  | Noticed a two-headed ogre
 13100 | Volcano  | Killed a hell hog
 13104 | Volcano  | Killed a two-headed ogre
 13279 | Volcano  | Noticed a two-headed ogre
 13294 | Volcano  | Killed a two-headed ogre
 13295 | Volcano  | Reached skill level 5 in Evocations
 13554 | Volcano  | Noticed a two-headed ogre
 13554 | Volcano  | Noticed a hell hog
 13559 | Volcano  | Killed a two-headed ogre
 13563 | Volcano  | Killed a hell hog
 14314 | Lair:1   | Identified the ring "Damegun" {rElec Will+ Int+4}
 15367 | Lair:1   | Learned a level 5 spell: Freezing Cloud
 15390 | Lair:2   | Reached XP level 13. HP: 101/111 MP: 21/22
 15397 | Lair:2   | Reached skill level 1 in Ice Magic
 15709 | Lair:2   | Reached skill level 10 in Fighting
 16220 | Lair:2   | Found a runed translucent gate.
 16220 | Lair:2   | Found a runed translucent gate.
 16220 | Lair:2   | Found a runed translucent gate.
 16223 | Lair:2   | Noticed Valamore's ghost (journeyman MiGl)
 16227 | Lair:2   | Found a viscous altar of Jiyva.
 16683 | Lair:2   | Identified the +9 sling of Yloz {vorpal, rPois rCorr}
 16696 | Lair:2   | You fall into a shaft and drop 2 floors!
 16706 | Lair:4   | Reached skill level 11 in Fighting
 17335 | Lair:3   | Found a staircase to the Snake Pit.
 17371 | Lair:3   | Noticed Kirke
 18037 | Lair:3   | Killed Kirke
 18065 | Lair:3   | Reached skill level 5 in Ice Magic
 18168 | Lair:3   | Reached skill level 12 in Fighting
 18296 | Lair:3   | Learned a level 3 spell: Ignite Poison
 18320 | Lair:3   | Reached skill level 13 in Fighting
 18559 | Lair:3   | Found a staircase to the Swamp.
 19027 | Lair:3   | Upgraded the game from 0.29-a0-1033-gb6c65ffae6 to
                  | 0.29-a0-1043-g569b05d6ff
 19038 | Lair:4   | Found a viscous altar of Jiyva.
 19038 | Lair:4   | Found a staircase to the Slime Pits.
 19097 | Lair:4   | Reached XP level 14. HP: 130/130 MP: 23/23
 19148 | Lair:4   | Reached skill level 14 in Fighting
 20089 | D:12     | Found a runed translucent gate.
 20090 | D:12     | Found a runed translucent gate.
 20090 | D:12     | Found a runed translucent gate.
 20379 | D:12     | Noticed an orc warlord
 20397 | D:12     | Killed an orc warlord
 20705 | D:12     | Reached skill level 15 in Fighting
 21235 | D:12     | Found a portal to a secret trove of treasure.
 21376 | D:13     | Noticed Jorgrun
 21385 | D:13     | Killed Jorgrun
 21842 | D:13     | Noticed Erolcha
 21850 | D:13     | Killed Erolcha
 22044 | D:13     | Found a glowing silver altar of Zin.
 22551 | D:14     | Reached skill level 16 in Fighting
 22590 | D:14     | Identified the +1 robe "Veityih" {-Tele Harm rC+ rN+}
 22847 | D:13     | Reached skill level 17 in Fighting
 23707 | D:14     | Found a gate to the Vaults.
 23792 | D:14     | Noticed a fire giant
 23814 | D:14     | Reached skill level 18 in Fighting
 23816 | D:14     | Killed a fire giant
 23817 | D:14     | Reached XP level 15. HP: 94/149 MP: 10/25
 24033 | D:14     | Identified the ring of Poeshuub {rPois Will+ Str+3 SInv}
 24344 | D:9      | Bought a manual of Fighting for 960 gold pieces
 24558 | D:14     | You fall into a shaft and drop 1 floor!
 24558 | D:15     | Entered Level 15 of the Dungeon
 25665 | Snake:1  | Entered Level 1 of the Snake Pit
 25752 | Orc:1    | Entered Level 1 of the Orcish Mines
 26142 | Orc:2    | Entered Level 2 of the Orcish Mines
 26167 | Orc:2    | Reached skill level 19 in Fighting
 26245 | Orc:2    | Found a staircase to the Elven Halls.
 26282 | Orc:2    | Reached ****** piety under Qazlal
 26786 | Orc:2    | Found Otiegger's General Store.
 26786 | Orc:2    | Found Uqe Egiow's Antique Weapon Emporium.
 26786 | Orc:2    | Found Daricata's Book Shoppe.
 26788 | Orc:2    | Found Keiphoiwaa's Book Shop.
 26809 | Orc:2    | Bought a book of Armaments for 612 gold pieces
 26813 | Orc:2    | Learned a level 3 spell: Stone Arrow
 27242 | Snake:1  | Noticed Mlioglotl
 27246 | Snake:1  | Noticed a tentacled starspawn
 27415 | Snake:1  | Killed Mlioglotl
 27416 | Snake:1  | Reached skill level 1 in Earth Magic
 28041 | Snake:1  | Found Vezxawn's Neck Hole.
 28066 | Snake:1  | Noticed Aizul
 28068 | Snake:1  | Noticed Azrael
 28071 | Snake:1  | Killed Aizul
 28320 | Snake:1  | Killed Azrael
 28843 | Snake:1  | Reached skill level 20 in Fighting
 28852 | Snake:1  | Reached skill level 1 in Shields
 29792 | Snake:2  | Reached skill level 5 in Earth Magic
 30113 | Snake:2  | Reached XP level 16. HP: 139/165 MP: 20/28
 30848 | Snake:2  | Learned a level 8 spell: Lehudib's Crystal Spear
 30960 | Snake:3  | Reached skill level 21 in Fighting
 32015 | Snake:3  | Found Aluhiema's Jewellery Boutique.
 32486 | Swamp:1  | Entered Level 1 of the Swamp
 32591 | Swamp:1  | Reached skill level 22 in Fighting
 33692 | Swamp:2  | Reached skill level 10 in Earth Magic
 34362 | Swamp:2  | Identified 3 scrolls of acquirement
 34364 | Swamp:2  | Acquired the +0 pair of gloves "Ginut" {Contam Will+ Int+8
                  | Dex-4}
 34379 | Swamp:2  | Acquired the +1 cloak of Starlight {*Dazzle EV+4 Stlth--}
 34379 | Swamp:2  | Found the +1 cloak of Starlight {*Dazzle EV+4 Stlth--}
 34394 | Swamp:2  | Acquired 856 gold pieces
 34907 | Swamp:3  | Reached XP level 17. HP: 126/178 MP: 4/29
 35231 | Swamp:3  | Reached skill level 5 in Shields
 35746 | Swamp:4  | Entered Level 4 of the Swamp
 36183 | Swamp:4  | Reached skill level 15 in Conjurations
 36289 | Swamp:4  | Found a runed translucent gate.
 36289 | Swamp:4  | Found a runed translucent gate.
 36289 | Swamp:4  | Found a runed translucent gate.
 36291 | Swamp:4  | Noticed Lance11888's ghost (adept HuHu)
 37083 | Swamp:4  | Reached skill level 23 in Fighting
 37851 | Swamp:4  | Found a basalt altar of Yredelemnul.
 38329 | Swamp:4  | Found a blossoming altar of Fedhas.
 39006 | Swamp:4  | Got a decaying rune of Zot
 39007 | Swamp:4  | Upgraded the game from 0.29-a0-1043-g569b05d6ff to
                  | 0.29-a0-1047-g7c58e119a4
 39193 | Lair:5   | Entered Level 5 of the Lair of Beasts
 39342 | Lair:5   | Noticed Sonja
 39365 | Lair:5   | Killed Sonja
 39376 | Lair:5   | Found a frozen archway.
 39548 | IceCv    | Entered an ice cave
 39969 | IceCv    | Identified the ring "Kutirchil" {rElec rF+ rCorr Dex+6}
 39975 | IceCv    | Identified the ring of Departure {rC- Str+4 Int+4 Dex+3
                  | Slay+4}
 40367 | Lair:5   | Noticed Urug
 40375 | Lair:5   | Killed Urug
 41093 | Lair:5   | Reached XP level 18. HP: 174/188 MP: 22/30
 41662 | Snake:4  | Entered Level 4 of the Snake Pit
 42171 | Snake:4  | Found a glowing silver altar of Zin.
 42527 | Snake:4  | Identified the amulet "Baasam" {Reflect rCorr SH+5}
 43551 | Snake:4  | Reached skill level 15 in Earth Magic
 43555 | Snake:4  | Reached skill level 10 in Spellcasting
 43868 | Snake:4  | Got a serpentine rune of Zot
 44990 | D:15     | Found a staircase to the Depths.
 45035 | D:15     | Found a runed translucent gate.
 45035 | D:15     | Found a runed translucent gate.
 45035 | D:15     | Found a runed translucent gate.
 45038 | D:15     | Noticed Guh Rysug's ghost (journeyman DsGl)
 45255 | D:15     | Killed Guh Rysug's ghost
 45373 | D:15     | Identified the +1 hat "Monkeo Fota" {-Cast Rampage rN++}
 45701 | Lair:2   | Killed Valamore's ghost
 46000 | Vaults:1 | Entered Level 1 of the Vaults
 46005 | Vaults:1 | Identified the +6 morningstar of the Thing {protect, rC-
                  | Will+ Dex+4}
 47446 | Vaults:1 | Reached XP level 19. HP: 195/195 MP: 20/33
 47963 | Vaults:1 | You fall into a shaft and drop 1 floor!
 47978 | Vaults:2 | Noticed Sojobo
 48274 | Vaults:1 | Learned a level 5 spell: Irradiate
 49219 | Vaults:2 | Paralysed by an air elemental for 1 turns
 49228 | Vaults:2 | Killed Sojobo
 51145 | Vaults:3 | Reached skill level 1 in Staves
 52353 | Vaults:3 | Learned a level 5 spell: Borgnjor's Vile Clutch
 52543 | Vaults:3 | Reached XP level 20. HP: 123/203 MP: 1/35
 53421 | Vaults:3 | Found a staircase to the Crypt.
 54311 | Vaults:4 | Reached skill level 5 in Staves
 54573 | Vaults:4 | Reached skill level 10 in Dodging
 56136 | Elf:1    | Entered Level 1 of the Elven Halls
 56425 | Elf:1    | Reached skill level 10 in Evocations
 56765 | Elf:1    | Found Ylayt's Antique Armour Boutique.
 56766 | Elf:1    | Found Tiunna's Armour Boutique.
 56766 | Elf:1    | Found Foixeni's Armour Shop.
 56769 | Elf:1    | Found Paimpoud's Armour Shop.
 57365 | Elf:2    | Noticed Nikola
 57388 | Elf:2    | Killed Nikola
 57813 | Elf:2    | Learned a level 5 spell: Lee's Rapid Deconstruction
 57843 | Elf:2    | Found a huge runed translucent gate.
 57843 | Elf:2    | Found a huge runed translucent gate.
 57853 | Elf:2    | Found a huge runed translucent gate.
 58032 | Elf:2    | Found a huge runed translucent gate.
 58032 | Elf:2    | Found a huge runed translucent gate.
 58238 | Elf:2    | Reached XP level 21. HP: 150/211 MP: 18/36
 59245 | Slime:1  | Entered Level 1 of the Pits of Slime
 60505 | Slime:3  | Gained mutation: Your spells are a little easier to cast,
                  | but a little less powerful. [a shining eye]
 60595 | Slime:3  | Noticed Dissolution
 60609 | Slime:3  | Killed Dissolution
 62031 | Depths:1 | Entered Level 1 of the Depths
 62255 | Depths:1 | Identified the +5 leather armour "Esageced" {Int+3}
 62258 | Depths:1 | Identified the +3 sling "Vigubu" {vorpal, *Slow rPois
                  | Int+3}
 62529 | Depths:1 | Acquired 851 gold pieces
 62579 | Depths:1 | Found a one-way gate to the infinite horrors of the Abyss.
 63271 | Depths:1 | Found a gateway to Hell.
 63453 | Depths:1 | Found a one-way gateway to a ziggurat.
 63618 | Depths:1 | Found a runed translucent gate.
 63618 | Depths:1 | Found a runed translucent gate.
 63618 | Depths:1 | Found a runed translucent gate.
 63926 | Depths:2 | Reached XP level 22. HP: 220/220 MP: 25/38
 64262 | Depths:2 | Noticed a juggernaut
 64272 | Depths:2 | Killed a juggernaut
 64992 | Depths:2 | Identified the +2 scale mail "Efatotuch" {rC+ rCorr Int+2
                  | Slay+3}
 65008 | Depths:2 | Reached skill level 10 in Staves
 66076 | Depths:2 | Found a one-way gate leading to the halls of Pandemonium.
 67001 | Depths:2 | Found an ornate altar of the Wu Jian Council.
 67547 | Depths:3 | Noticed a golden dragon
 67550 | Depths:3 | Killed a golden dragon
 68300 | Depths:3 | Reached XP level 23. HP: 226/226 MP: 35/40
 68855 | Depths:3 | Identified the +9 demon blade "Eluergh" {drain, +Blink}
 70161 | Snake:1  | Upgraded the game from 0.29-a0-1047-g7c58e119a4 to
                  | 0.29-a0-1052-g6990b1bffc
 70474 | Vaults:5 | Entered Level 5 of the Vaults
 70495 | Vaults:5 | Noticed an ancient lich
 70498 | Vaults:5 | Slain by a fire giant

Illustrated notes

Levels and vault maps discovered:
D:1:      giann_bridges, layout_basic, ebering_ecumenical_altar_webs
D:2:      layout_basic, uniq_jessica
D:3:      layout_rooms, minmay_snake_closets
D:4:      layout_loops_ring, mainiacjoe_overflow_catwalk_spiral,
          minmay_manual_mares
D:5:      minmay_octagon_keep, layout_basic, elyvilon_altar_4
D:6:      layout_rooms, minmay_temple_entry_sparse_star
D:7:      layout_gridville, lemuel_tele_altar
D:8:      layout_gridville, uniq_grum
D:9:      layout_stronghold, serial_shops, nicolae_stop_n_shop_1,
          nicolae_benzene_ring, nicolae_shop_self_help
D:10:     layout_rooms, water_maze_lemuel, uniq_nergalle
D:11:     layout_rooms, minmay_lair_entry_grove, serial_shops, shop,
          nicolae_shop_overgrown_old_shop, nicolae_shop_statue_plus, uniq_fannar
D:12:     orc_temple, layout_basic, ploomutoo_gammafunk_ghost_potion_laboratory,
          trove_entry_hex_spiral
D:13:     layout_loops_ring, zin_academy, uniq_jorgrun, uniq_erolcha
D:14:     minmay_outward_triangles, layout_irregular_city,
          lightli_vaults_fourway_checkpoint
D:15:     grunt_enter_depths_snipers, layout_long_grid,
          gammafunk_ghost_tricky_traps, dreamdust_mushroom_princess
Temple:   nicolae_temple_panitentiary
Lair:1:   layout_layer_cave, enter_volcano_1, beast_lair_carwin_9,
          serial_bayou_shore_a, grunt_megastairs_4, infiniplex_staircase_pool_2,
          lemuel_fruit_tree, uniq_amaemon
Lair:2:   layout_regular_city, gammafunk_ghost_ooze, beast_lair_carwin_5
Lair:3:   layout_long_grid, palyth_hydra_swamp_entry,
          minmay_snake_entry_guardpost_medium, uniq_kirke
Lair:4:   layout_roguey, slime_entry_1, lemuel_fruit_fields, grunt_megastairs_3
Lair:5:   minmay_lair_end_enchanted_forest, layout_regular_city,
          portal_ice_cave_entry_pillars_2, uniq_urug, uniq_sonja
Swamp:1:  layout_basic_swamp, evilmike_swamp_ruin_rubble_2
Swamp:2:  layout_basic_swamp, serial_swamp_ruin, evilmike_swamp_ruin_house_1,
          hangedman_swamp_ruin_wall, evilmike_swamp_ruin_house_4
Swamp:3:  layout_basic_swamp, evilmike_swamp_ruin_house_2
Swamp:4:  byrel_swamp_growth_death_and_undeath, layout_basic_swamp,
          gammafunk_ghost_necromancy, swamp_pool2
Snake:1:  layout_chambers, nicolae_shop_sticking_my_neck_out, uniq_mlioglotl,
          uniq_aizul, uniq_azrael
Snake:2:  nicolae_snakescales, layout_onion, grunt_ministairs_7
Snake:3:  layout_misc_corridors, minmay_shop_enchanted_jewellery
Snake:4:  snake_pit_salamanders_mu, layout_misc_corridors, basic_altar,
          st_stairs_6, nicolae_snake_boneroom
Slime:1:  cheibrodos_slime_lost_civilization_2, layout_caves
Slime:2:  layout_caves
Slime:3:  layout_caves, cheibrodos_slime_lost_civilization_7, uniq_dissolution
Slime:4:  nicolae_slime_pool, layout_caves
Orc:1:    layout_caves
Orc:2:    st_orc_rangers, layout_caves, basic_altar
Elf:1:    layout_rooms, minivault_28, minivault_14, minmay_shoptagon
Elf:2:    elven_hall_of_blades_hangedman_alternative
          [nicolae_blade_entry_pointy_end], layout_loops_ring, uniq_nikola
Vaults:1: hangedman_vaults_capsules, vaults_room_fours,
          ontoclasm_vaults_ligature, nicolae_vaults_asterisk, v_misc_12,
          vaults_room_semicircle, vaults_dpeg_ring, layout_vaults_omnigrid
Vaults:2: v_alt_pattern_4, v_misc_11, v_pattern_3, hangedman_vaults_pinch,
          vaults_room_grid, vaults_room_octagon,
          nicolae_vaults_little_squares_2, hangedman_vaults_locks,
          ontoclasm_vaults_pinch, nicolae_vaults_yaktaur_gun_rack,
          vaults_room_corners, vaults_dpeg_encased_lava,
          layout_vaults_chaotic_city, uniq_sojobo
Vaults:3: minmay_crypt_entry_simple_statues, nicolae_vaults_fighting_squares,
          vaults_mumra_hexcomb, hangedman_vaults_stagger, v_misc_28, v_rooms_5,
          nicolae_vaults_stairing_the_circle, nicolae_vaults_sealed_display,
          grunt_vaults_focal, v_misc_17, vaults_dpeg_diagonal,
          hangedman_vaults_impose, nicolae_vaults_little_squares_6,
          layout_vaults_ring
Vaults:4: ontoclasm_vaults_misaligned, vaults_room_octagon, vaults_dpeg_doors,
          hangedman_vaults_restitches, nicolae_vaults_arrows, v_rooms_6,
          nicolae_vaults_network_quinsquares
          [nicolae_vaults_network_quincunx_subvault,
          nicolae_vaults_network_quincunx_subvault,
          nicolae_vaults_network_quincunx_subvault,
          nicolae_vaults_network_quincunx_subvault], ontoclasm_vaults_eye,
          vaults_standard_mumra_enter_the_diamond, layout_vaults_big_cross
Vaults:5: serial_shops
Depths:1: layout_gridville, enter_ziggurat_d, hell_entry,
          minmay_room_of_horrors, minivault_10, nrook_mini_backslash,
          pandoras_box_mu
Depths:2: nzn_winding_woodlands_large [nzn_winding_woodlands_5x5_perimeter,
          nzn_winding_woodlands_5x15_pathside_ponds,
          nzn_winding_woodlands_5x5_three,
          nzn_winding_woodlands_center_pierced_h,
          nzn_winding_woodlands_15x15_killbox,
          nzn_winding_woodlands_center_garden, nzn_winding_woodlands_hourglass,
          nzn_winding_woodlands_5x15_longhouse,
          nzn_winding_woodlands_5x5_open_star], layout_long_grid, hell_entry,
          grunt_pan_entry_zigzag, glass_columns_c, nzn_wu_jian_contemplation
Depths:3: angbandy_vault, layout_cave_shapes, abyss_entry, hellmouth_1,
          infiniplex_staircase_trident

Skill      XL: |  1  2  3  4  5  6  7  8  9 10 11 12 13 14 15 16 17 18 19 20 21 22 23 |
---------------+----------------------------------------------------------------------+-----
Fighting       | 1 2 3 4 5 8 9 13 18 20 22 23 | 23.0
Poison Magic   | 4 5 6 |  6.0
Air Magic      | 1 2 1 4 |  4.0
Conjurations   | 1 2 3 4 6 8 11 13 14 16 17 18 | 18.0
Spellcasting   | 3 4 5 6 7 8 10 11 12 13 | 13.0
Fire Magic     | 2 5 |  5.0
Invocations    | 2 6 7 9 10 11 12 | 12.0
Dodging        | 3 4 6 7 8 9 11 12 13 | 13.3
Evocations     | 4 6 8 10 13 14 | 14.0
Ice Magic      | 5 8 |  8.0
Earth Magic    | 5 10 13 16 18 20 21 22 | 22.0
Shields        | 2 4 8 |  8.0
Staves         | 3 8 12 | 12.0
Stealth        | |  1.7
Transmutations | |  1.0

Action                   |  1- 3 |  4- 6 |  7- 9 | 10-12 | 13-15 | 16-18 | 19-21 | 22-24 || total
-------------------------+-------+-------+-------+-------+-------+-------+-------+-------++-------
Melee: Whip              |     6 |       |       |       |       |       |       |       ||     6
       Unarmed           |     4 |       |       |       |       |       |       |       ||     4
       Rapier            |    10 |       |       |       |       |       |       |       ||    10
       Tailslap          |     2 |     4 |    25 |    44 |    13 |    25 |   187 |    88 ||   388
       Dagger            |    15 |    75 |   164 |   235 |    58 |    97 |       |       ||   644
       Punch             |       |       |     4 |     4 |       |       |       |       ||     8
       Staff             |       |       |       |       |       |       |   773 |   385 ||  1158
 Fire: Sling             |       |       |       |       |   663 |   902 |   103 |       ||  1668
 Cast: Sting             |    32 |    38 |   132 |   213 |    67 |       |       |       ||   482
       Mephitic Cloud    |       |     4 |     7 |    36 |    19 |     1 |       |       ||    67
       Flame Wave        |       |       |    12 |    41 |    57 |    13 |    16 |     4 ||   143
       Freezing Cloud    |       |       |       |       |   115 |   212 |   127 |    20 ||   474
       Ignite Poison     |       |       |       |       |    10 |     3 |       |       ||    13
       Stone Arrow       |       |       |       |       |    10 |   192 |    34 |     1 ||   237
       Lehudib's Crystal |       |       |       |       |       |     7 |    88 |    93 ||   188
       Irradiate         |       |       |       |       |       |       |    46 |    21 ||    67
       Borgnjor's Vile C |       |       |       |       |       |       |    38 |    11 ||    49
       Lee's Rapid Decon |       |       |       |       |       |       |     5 |    14 ||    19
Invok: Upheaval          |       |     1 |       |     2 |     4 |     1 |     1 |       ||     9
       Disaster Area     |       |       |       |     1 |       |       |       |     1 ||     2
       Elemental Force   |       |       |       |     1 |     3 |     1 |       |     1 ||     6
Evoke: Lightning rod     |       |       |     1 |     7 |    12 |     4 |       |     4 ||    28
       Wand              |       |       |       |     4 |       |    10 |     2 |       ||    16
       Condenser vane    |       |       |       |       |       |       |       |     1 ||     1
  Use: Scroll            |       |     6 |       |    20 |     3 |    13 |     2 |     1 ||    45
       Potion            |       |       |     1 |       |     3 |     4 |       |     2 ||    10
 Stab: Confused          |       |     1 |     2 |     2 |       |       |       |       ||     5
       Invisible         |       |       |       |       |       |       |    14 |     7 ||    21
Armor: Skin              |     9 |    29 |   109 |   141 |   206 |   328 |   175 |   115 ||  1112
Dodge: Dodged            |    25 |    48 |   160 |   271 |   357 |   508 |   406 |   255 ||  2030
       Repelled          |       |       |       |     3 |    11 |    37 |    24 |     9 ||    84
Block: Other             |     1 |    13 |    44 |   109 |   392 |    57 |       |       ||   616
       Reflection        |       |       |       |       |    67 |    89 |    61 |     7 ||   224
       Kite shield       |       |       |       |       |     6 |       |       |       ||     6
       Buckler           |       |       |       |       |       |   833 |   653 |   285 ||  1771

Table legend: (Time is in decaauts)
 A = Elapsed time spent in this place.
 B = Non-inter-level travel time spent in this place.
 C = Inter-level travel time spent in this place.
 D = Time resting spent in this place.
 E = Time spent auto-exploring this place.
 F = Levels seen in this place.
 G = Mean time per level.
                   A        B        C        D        E       F      G
               +--------+--------+--------+--------+--------+-----+--------+
         Total |  71168 |  66004 |   5164 |  25187 |  27645 |  47 | 1514.2 |
       Dungeon |  21502 |  19367 |   2135 |   7171 |   8511 |  15 | 1433.5 |
        Temple |      1 |      1 |      0 |      0 |      0 |   1 |    1.0 |
          Lair |   9857 |   8931 |    926 |   3159 |   4113 |   5 | 1971.4 |
         Swamp |   6593 |   6268 |    325 |   3065 |   1980 |   4 | 1648.2 |
     Snake Pit |   7411 |   7103 |    308 |   2420 |   3195 |   4 | 1852.8 |
    Slime Pits |   2508 |   2377 |    131 |   1018 |    923 |   4 |  627.0 |
  Orcish Mines |   1470 |   1269 |    201 |      4 |    881 |   2 |  735.0 |
   Elven Halls |   2934 |   2803 |    131 |    760 |   1334 |   2 | 1467.0 |
        Vaults |   9808 |   9053 |    755 |   3574 |   3884 |   5 | 1961.6 |
        Depths |   7793 |   7543 |    250 |   3439 |   2637 |   3 | 2597.7 |
      Ice Cave |    581 |    581 |      0 |    152 |    187 |   1 |  581.0 |
       Volcano |    705 |    705 |      0 |    423 |      0 |   1 |  705.0 |
               +--------+--------+--------+--------+--------+-----+--------+

Top non-repeatable levels by time:
  Lair:3: 3073 daAuts
Depths:2: 2948 daAuts
Depths:1: 2878 daAuts
Vaults:1: 2779 daAuts
Vaults:2: 2609 daAuts
Vaults:3: 2467 daAuts
 Snake:4: 2416 daAuts
 Swamp:4: 2203 daAuts
 Snake:1: 2179 daAuts
    D:10: 2137 daAuts
    D:14: 2081 daAuts
  Lair:2: 2065 daAuts
    D:15: 2041 daAuts
  Lair:1: 1997 daAuts
    D:13: 1974 daAuts
